 Dungeon Crawl Stone Soup version 0.28.0-47-ge53b351184 (webtiles) character file.

Game seed: 14122674953683717256

89 joe1234567 the Cutter (level 4, -1/37 HPs)
             Began as a Minotaur Gladiator on May 5, 2022.
             Was an Initiate of Zin.
             Killed from afar by Natasha (7 damage)
             ... with a magic dart
             ... on level 2 of the Dungeon.
             The game lasted 00:10:41 (1951 turns).

joe1234567 the Cutter (Minotaur Gladiator)          Turns: 1951, Time: 00:10:41

Health: -1/37      AC:  3    Str: 18    XL:     4   Next: 31%
Magic:  3/3        EV: 12    Int:  7    God:    Zin [......]
Gold:   27         SH:  0    Dex: 12    Spells: 3/3 levels left

rFire   + . .      SeeInvis .   a - +0 rapier
rCold   . . .      Faith    .   (no shield)
rNeg    . . .      Spirit   .   b - +0 leather armour
rPois   .          Reflect  .   c - +0 hat
rElec   .          Harm     .   (no cloak)
rCorr   .          Rampage  .   (no gloves)
Will    .....                   (no boots)
Stlth   +.........              h - amulet of the acrobat
HPRegen 0.12/turn               m - ring of protection from fire
MPRegen 0.08/turn               (no ring)

@: no status effects
A: horns 2, retaliatory headbutt
a: Renounce Religion, Donate Gold


You were on level 2 of the Dungeon.
You worshipped Zin.
Zin was noncommittal.
You visited 1 branch of the dungeon, and saw 2 of its levels.

You collected 30 gold pieces.
You donated 3 gold pieces to Zin.

Inventory:

Hand Weapons
 a - a +0 rapier (weapon)
Missiles
 d - 3 throwing nets
 g - 3 javelins (quivered)
 j - 18 bolts
Armour
 b - a +0 leather armour (worn)
 c - a +0 hat (worn)
Jewellery
 h - an amulet of the acrobat (around neck)
 m - a ring of protection from fire (left hand)
Scrolls
 i - 2 scrolls of identify
 l - a scroll of amnesia {unknown}
 n - a scroll of immolation {unknown}
 q - a scroll of magic mapping {unknown}
Potions
 e - a potion of berserk rage {unknown}
 f - a potion of curing {unknown}
 k - a potion of heal wounds
 o - a potion of degeneration {unknown}
 p - a potion of lignification {unknown}


   Skills:
 + Level 2.9 Fighting
 + Level 4.7 Short Blades
 + Level 2.0 Throwing
 + Level 1.2 Armour
 + Level 3.9 Dodging


You had 3 spell levels left.
You didn't know any spells.
Your spell library was empty.

Dungeon Overview and Level Annotations

Branches:
Dungeon (2/15)

Altars:
Zin

Shops:
D:2 =

Annotations:
D:2 Natasha


Innate Abilities, Weirdness & Mutations

You have a pair of horns on your head.
You reflexively headbutt those who attack you in melee.


Message History

You hit the shadow imp.
You kill the shadow imp!
The shadow imp disappears in a puff of smoke!
The white imp hits you but does no damage.
Natasha casts a spell.
The white imp hits you. The white imp freezes you.
Natasha completely misses you.
You hit the crimson imp but do no damage.
The white imp closely misses you. You furiously retaliate!
You headbutt the white imp!
You kill the white imp!
The white imp disappears in a puff of smoke!
Natasha casts a spell at you. The magic dart hits you.
* * * LOW HITPOINT WARNING * * *
As you read the scroll labelled TAEVUS VIEC, it crumbles to dust.
It is a scroll of identify.
k - a potion of heal wounds The crimson imp closely misses you.
Natasha claws you.
* * * LOW HITPOINT WARNING * * *
You barely miss Natasha. The crimson imp barely misses you.
Natasha closely misses you.
You closely miss the crimson imp.
The crimson imp hits you but does no damage.
Natasha misses you.
You barely miss the crimson imp. Your headbutt misses the crimson imp.
The crimson imp barely misses you. Natasha claws you but does no damage.
You closely miss the crimson imp. The crimson imp hits you.
* * * LOW HITPOINT WARNING * * *
You closely miss the crimson imp. Natasha closely misses you.
The crimson imp misses you.
You hit the crimson imp. You headbutt the crimson imp.
The crimson imp is heavily wounded.
Natasha barely misses you. You furiously retaliate!
You headbutt Natasha, but do no damage. The crimson imp misses you.
You barely miss the crimson imp. Your headbutt misses the crimson imp.
The crimson imp is heavily wounded.
Natasha casts a spell at you. The magic dart hits you!
You die...

.# .# ##############
.#######............#
.##.......#########.#
.##.####.##.......#.#
.........# .......#.#
....###...# #$..#.#
..#.# ##.## ##.)'.#
.##.# #..# #.@h###
.##.. ...#.....5.#
.##### ####.......#
'## ######### ..##
#.# ...## ##.# ....##
##..# .....####...##
.....'.......###


You could see Natasha and a crimson imp (summoned).

Vanquished Creatures
  Natasha (D:2)
  An adder (D:2)
  A worm (D:2)
  2 dart slugs (D:2)
  3 ball pythons
  3 endoplasms
  A giant cockroach (D:2)
  7 goblins
  9 hobgoblins
  7 kobolds
  3 quokkas (D:2)
  2 bats
  A frilled lizard (D:2)
  A rat (D:1)
42 creatures vanquished.

Notes
Turn   | Place    | Note
-------+----------+-------------------------------------------
     0 | D:1      | joe1234567 the Minotaur Gladiator began the quest for the
                  | Orb.
     0 | D:1      | Reached XP level 1. HP: 18/18 MP: 0/0
   273 | D:1      | Reached XP level 2. HP: 25/25 MP: 1/1
   745 | D:2      | Reached XP level 3. HP: 30/30 MP: 2/2
   781 | D:2      | Reached skill level 4 in Short Blades
   926 | D:2      | Found Yreiz Huno's Jewellery Shoppe.
  1181 | D:2      | Found a glowing silver altar of Zin.
  1181 | D:2      | Noticed Natasha
  1189 | D:2      | Killed Natasha
  1190 | D:2      | Reached skill level 1 in Armour
  1190 | D:2      | Reached XP level 4. HP: 29/37 MP: 3/3
  1269 | D:2      | Became a worshipper of Zin the Law-Giver
  1523 | D:2      | Found a faded altar of an unknown god.
  1932 | D:2      | Noticed Natasha
  1951 | D:2      | Killed from afar by Natasha

Illustrated notes

Levels and vault maps discovered:
D:1:      doesnt_arrival_eight_statues, layout_rooms
D:2:      layout_loops_corners, serial_shops, nicolae_shop_crystal,
          basic_ecumenical_altar, basic_altar, minmay_misc_feat_chi,
          kennysheep_generic_room_8, uniq_natasha

Skill      XL: |  1  2  3 |
---------------+----------+-----
Short Blades   | 4 |  4.7
Armour         | 1 |  1.2
Fighting       | |  2.9
Throwing       | |  2.0
Dodging        | |  3.9

Action                   |  1- 3 |  4- 6 || total
-------------------------+-------+-------++-------
Melee: Rapier            |    68 |    34 ||   102
       Headbutt          |     9 |     2 ||    11
       Punch             |     1 |       ||     1
Throw: Javelin           |     2 |       ||     2
  Use: Scroll            |       |     1 ||     1
Armor: Leather armour    |    12 |     6 ||    18
Dodge: Dodged            |    51 |    34 ||    85
